 Dungeon Crawl Stone Soup version 0.22-a0-422-g9628fc8 (webtiles) character file.

11 Gorice the Sneak (level 2, -4/16 HPs)
             Began as a Deep Elf Wanderer on May 16, 2018.
             Slain by a gnoll
             ... wielding a +1 halberd of protection
              (15 damage)
             ... on level 1 of the Dungeon.
             The game lasted 00:04:12 (546 turns).

Gorice the Sneak (Deep Elf Wanderer)                 Turns: 546, Time: 00:04:12

Health: -4/16      AC:  6    Str:  9    XL:     2   Next: 13%
Magic:  4/4        EV: 13    Int: 15    God:
Gold:   34         SH:  0    Dex: 15    Spells: 1/1 levels left

rFire    . . .     SeeInvis .   b - +0 spear
rCold    . . .     Gourm    .   (no shield)
rNeg     . . .     Faith    .   a - +2 leather armour
rPois    .         Spirit   .   (no helmet)
rElec    .         Reflect  .   i - +0 cloak
rCorr    .         Harm     .   (no gloves)
MR       .....                  (no boots)
Stlth    ++........             (no amulet)
HPRegen  0.05/turn              (no ring)
MPRegen  0.09/turn              (no ring)

@: no status effects
A: no striking features
a: no special abilities


You were on level 1 of the Dungeon.
You were not hungry.

You visited 1 branch of the dungeon, and saw 1 of its levels.

You collected 34 gold pieces.

Inventory:

Hand Weapons
 b - a +0 spear (weapon)
 d - a +0 dagger
Missiles
 g - 30 sling bullets
 Y - a stone (quivered)
Armour
 a - a +2 leather armour (worn)
 i - a +0 cloak (worn)
Scrolls
 e - 2 scrolls of teleportation {unknown}
 j - a scroll of identify {unknown}
 l - a scroll of noise {unknown}
 m - a scroll of amnesia {unknown}
Potions
 c - 2 potions of curing
 k - a potion of agility {unknown}
Comestibles
 f - 2 rations
 h - 4 chunks of flesh


   Skills:
 + Level 0.9 Fighting
   Level 2.0 Staves
 + Level 3.0 Dodging
 - Level 3.6 Stealth
   Level 3.2 Fire Magic


You had one spell level left.
You didn't know any spells.
Your spell library was empty.

Dungeon Overview and Level Annotations

Branches:
Dungeon (1/15)

Altars:


Message History

The gnoll closely misses you. The bat hits you but does no damage. x2
The bat hits you but does no damage. The bat closely misses you.
The bat barely misses you. The bat barely misses you.
The bat hits you but does no damage. x2
The bat hits you but does no damage. x2
The bat hits you but does no damage. The bat barely misses you.
The bat hits you but does no damage. The bat hits you but does no damage.
The bat closely misses you. The bat closely misses you.
The bat closely misses you. The bat hits you but does no damage.
Throwing (i - inventory)
Y - 3 stones (quivered)
Press: ? - help, Shift-Dir - straight line, f/p - gnoll
Aim: a gnoll, wielding a halberd of protection You throw a stone.
The stone hits the gnoll but does no damage.
Throwing (i - inventory)
Y - 2 stones (quivered)
Press: ? - help, Shift-Dir - straight line, f/p - gnoll
Aim: a gnoll, wielding a halberd of protection You throw a stone.
The stone hits the gnoll.
The gnoll is lightly wounded.
Attack whom?
Press: ? - help, Dir - move target cursor, f/p - gnoll
Aim: a gnoll, wielding a halberd of protection (lightly wounded)
You reach to attack!
You closely miss the gnoll.
The gnoll is lightly wounded.
The gnoll barely misses you.
Attack whom?
Press: ? - help, Dir - move target cursor, f/p - gnoll
Aim: a gnoll, wielding a halberd of protection (lightly wounded)
You reach to attack!
You hit the gnoll but do no damage.
The gnoll is lightly wounded.
The gnoll barely misses you.
Attack whom?
Press: ? - help, Dir - move target cursor, f/p - gnoll
Aim: a gnoll, wielding a halberd of protection (lightly wounded)
You reach to attack!
You hit the gnoll.
The gnoll is moderately wounded.
The gnoll hits you from afar with a halberd of protection!
Ouch! That really hurt!
* * * LOW HITPOINT WARNING * * *
Damage: 13 (max 13)
You feel better.
The gnoll hits you from afar with a halberd of protection!
Ouch! That really hurt!
You die...

...##....... ..#
..###....... ... .[....#
... ......### #.#
...#....### ###.######
...#.##...## #........#
.#.#.####..######........#
.#...## ##..((g.#........#
.#....#########.@........#
...#....## ###........#
##.#..#..## #...)....#
#....##..#######........#
##...###................#
#....##########........#
##.....# ###.######
#.##..# #.#######
#.###.###### #.......#


You could see a gnoll.

Vanquished Creatures
  A giant cockroach (D:1)
  3 goblins (D:1)
  A hobgoblin (D:1)
  4 kobolds (D:1)
  3 rats (D:1)
12 creatures vanquished.

Notes
Turn   | Place    | Note
-------+----------+-------------------------------------------
     0 | D:1      | Gorice the Deep Elf Wanderer began the quest for the Orb.
     0 | D:1      | Gorice set off with: a +2 leather armour, a +0 spear, a potion of curing, a +0 dagger, a ration
     0 | D:1      | Reached XP level 1. HP: 10/10 MP: 3/3
     0 | D:1      | Noticed a felid
     0 | D:1      | Noticed a centaur
     1 | D:1      | Noticed a naga
     4 | D:1      | Noticed a ghoul
     6 | D:1      | Noticed a draconian
    15 | D:1      | Noticed a vine stalker
    17 | D:1      | Noticed a vine stalker
    20 | D:1      | Noticed a spriggan
    21 | D:1      | Noticed an elf
    21 | D:1      | Noticed a draconian
    23 | D:1      | Noticed a vampire
    25 | D:1      | Noticed a vampire
    27 | D:1      | Noticed an octopode
   349 | D:1      | Reached XP level 2. HP: 16/16 MP: 4/4
   394 | D:1      | Reached skill level 3 in Dodging
   545 | D:1      | HP: 3/16 [gnoll/halberd of protection (13)]
   546 | D:1      | Slain by a gnoll

Vault maps used:
D:1:      shiori_arrival_whats_in_store_for_you, minmay_split_cup_small

Skill      XL: |  1  2 |
---------------+-------+-----
Dodging        | 3 |  3.0
Fighting       | |  0.9
Staves         | |  2.0
Stealth        | |  3.6
Fire Magic     | |  3.2

Action                   || total
-------------------------++-------
Melee: Spear             ||    39
Throw: Stone             ||     6
  Use: Potion            ||     1
 Stab: Sleeping          ||     1
Armor: Leather armour    ||    26
Dodge: Dodged            ||    34

Table legend:
 A = Spawn XP
 B = Non-spawn XP
 C = Spawn XP percentage of total XP
 D = Spawn monster count
 E = Non-spawn monster count
 F = Spawn count percentage of total count
 G = Total turns spent on level
                    A         B        C        D         E        F      G
               +---------+---------+-------+---------+---------+-------+---------
         Total |       0 |      16 |   0.0 |       0 |      12 |   0.0 |   546
               +---------+---------+-------+---------+---------+-------+---------
           D:1 |       0 |      16 |   0.0 |       0 |      12 |   0.0 |   546
               +---------+---------+-------+---------+---------+-------+---------

Table legend:
 A = Turns spent in this place as a percentage of turns spent in the entire game.
 B = Non-inter-level travel turns spent in this place as a percentage of non-inter-level travel turns spent in the entire game.
 C = Inter-level travel turns spent in this place as a percentage of turns spent in this place.
 D = Turns resting spent in this place as a percentage of non-inter-level travel turns spent in this place.
 E = Turns spent auto-exploring this place as a percentage of non-inter-level travel turns spent in this place.
 F = Non-inter-level travel turns spent in this place divided by the number of levels of this place that you've seen.
                   A       B       C       D       E      F
               +-------+-------+-------+-------+-------+----------------------
         Total | 100.0 | 100.0 |   0.0 |  21.4 |  12.8 | 546.0
       Dungeon | 100.0 | 100.0 |   0.0 |  21.4 |  12.8 | 546.0
               +-------+-------+-------+-------+-------+----------------------

Vault maps used:
D:1:      shiori_arrival_whats_in_store_for_you, minmay_split_cup_small
